AoeStats
← gingersurprise69

African Clearing

510925773Analyzed
3v3 RM · 10h ago on Oct 3, 2026· 36m 28s· 6 players
Game mode
Random Map
Map size
Normal (6 player)
Population
200
Speed
Normal
Resources
Standard
Victory
Conquest
Starting age
Dark Age
Ending age
Imperial Age
RankedLock teamsTeams togetherTeam positionsShared explorationLock speedFull tech treeHidden civsTurbo modeCheats
Victory
Defeat
🇺🇸 Magyars · United States
1057
+14
🇨🇦 Malay · Canada
1039
+15
🇨🇦 Varangians · Canada
1023
+15
🇦🇺 Franks · Australia
1024
-15
🇨🇴 Mongols · Colombia
1009
-15
🇨🇴 Armenians · Colombia
999
-14
War_Beast
10:24 Loom
14:12 Feudal Age
25:55 Castle Age
24:48 Stone Mining
24:46 Double-Bit Axe
briantorresr25
4:46 Loom
14:22 Feudal Age
14:31 Man-at-Arms
27:13 Castle Age
34:46 Husbandry
DCB
3:39 Loom
13:47 Feudal Age
17:58 Castle Age
20:23 Horse Collar
28:25 Husbandry
31:14 Fletching
33:03 Bodkin Arrow
34:10 Heavy Plow
33:58 Double-Bit Axe
34:07 Gold Mining
Rimbo
12:39 Feudal Age
13:18 Double-Bit Axe
16:58 Scale Barding Armor
20:27 Loom
22:47 Castle Age
21:41 Gold Mining
23:54 Husbandry
24:35 Gold Shaft Mining
24:41 Bow Saw
25:54 Bloodlines
29:27 Wheelbarrow
35:06 Fletching
36:57 Bodkin Arrow
radnark
11:19 Loom
15:02 Feudal Age
23:34 Castle Age
23:22 Fletching
35:17 Redemption
gingersurprise69
3:40 Loom
5:37 Loom
15:05 Feudal Age
19:34 Castle Age
18:28 Double-Bit Axe
18:26 Horse Collar
19:05 Stone Mining
32:28 Bloodlines
32:18 Husbandry
35:03 Wheelbarrow
35:03 Husbandry
Connection lost

Rejoining the realm…

Still unreachable

The connection could not be restored.

Session expired

The server has moved on; the page needs a fresh start.